 Dungeon Crawl Stone Soup version 0.32-a0-898-g7811c86cf0 (webtiles) character file.

Game seed: 2752435890150310428

311455 holysushi the Acrobat (level 20, -6/147 HPs)
             Began as a Demonspawn Monk on Apr 4, 2024.
             Was a Believer of Uskayaw.
             Mangled by an antique champion
             ... wielding the +9 sword of Zonguldrok {reap}
              (51 damage)
             ... in a wizard's laboratory.
             The game lasted 02:09:00 (46163 turns).

holysushi the Acrobat (Demonspawn Monk)            Turns: 46163, Time: 02:09:01

Health: -6/147     AC: 19    Str: 12    XL:     20   Next: 42%
Magic:  27/34      EV: 41    Int: 11    God:    Uskayaw [**....]
Gold:   1923       SH:  0    Dex: 38    Spells: 25/29 levels left

rFire   . . .        a - +5 rapier (speed)
rCold   + . .        (no shield)
rNeg    + + +        L - +3 troll leather armour {Snorg}
rPois   +            H - +0 hat {Will+}
rElec   .            C - +2 cloak "Ifazxon" {rC+ rN++ Slay+3}
rCorr   .            S - +2 pair of gloves
SInv    .            X - +2 pair of boots
Will    ++...        P - amulet of Hevitt {+Blink rN+ Regen+ Dex+2}
Stlth   ++++++       d - +6 ring of dexterity
HPRegen 2.04/turn    V - +6 ring of dexterity
MPRegen 0.48/turn

%: no passive effects
@: studying Invocations
A: hooves 2, slimy green scales 3, foul stench 3, magic regeneration, corrupting
presence 1
}: 2/15 runes: decaying, serpentine
a: Renounce Religion, Evoke Blink, Stomp, Line Pass


You were in a wizard's laboratory.
You worshipped Uskayaw.
Uskayaw was greatly pleased with you.
You visited 8 branches of the dungeon, and saw 36 of its levels.
You visited the Abyss 1 time.
You also visited: Sewer, Ossuary, Gauntlet and Wizlab.

You collected 6049 gold pieces.
You spent 4126 gold pieces at shops.

Inventory:

Hand Weapons
 a - a +5 rapier of speed (weapon)
 b - a +3 orcbow of draining
 i - a +0 quick blade of electrocution
 O - a +0 longbow of draining
Missiles
 U - 5 throwing nets (quivered)
Armour
 m - a scarf of resistance
 C - the +2 cloak "Ifazxon" (worn) {rC+ rN++ Slay+3}
   (You found it in a Gauntlet)

   Slay+3:    It affects your accuracy & damage with ranged weapons and melee
   (+3).
   rC+:       It protects you from cold.
   rN++:      It greatly protects you from negative energy.
 H - a +0 hat of willpower (worn)
 L - a +3 troll leather armour (worn) {Snorg}
 S - a +2 pair of gloves (worn)
 X - a +2 pair of boots (worn)
Jewellery
 c - a ring of see invisible
 d - a +6 ring of dexterity (left hand)
 f - a ring of protection from fire
 g - the ring of Vohiucryav {Fly Dex+4}
   (You took it off a deep elf death mage on level 3 of the Elven Halls)

   [ring of flight]

   Dex+4:     It affects your dexterity (+4).
   Fly:       It grants you flight.
 j - a +5 ring of evasion
 y - an amulet of faith
 G - the ring "Sicras" {rN++ MP+9 Str-4 Int+3 SInv}
   (You took it off a deep elf elementalist on level 3 of the Elven Halls)

   [ring of magical power]

   Str-4:     It affects your strength (-4).
   Int+3:     It affects your intelligence (+3).
   rN++:      It greatly protects you from negative energy.
   MP+9:      It affects your magic capacity (+9).
   SInv:      It lets you see invisible.
 P - the amulet of Hevitt (around neck) {+Blink rN+ Regen+ Dex+2}
   (You found it on level 2 of the Elven Halls)

   [amulet of regeneration]

   Dex+2:     It affects your dexterity (+2).
   rN+:       It protects you from negative energy.
   +Blink:    It lets you blink.
   Regen+:    It increases your rate of health regeneration.
 R - a ring of willpower
 V - a +6 ring of dexterity (right hand)
 W - a ring of protection from cold
Wands
 n - a wand of roots (48)
 w - a wand of charming (24)
 z - a wand of digging (7)
 J - a wand of flame (76)
 N - a wand of light (53)
Scrolls
 e - 6 scrolls of silence
 o - 16 scrolls of teleportation
 u - 5 scrolls of fear
 v - 6 scrolls of immolation
 F - 2 scrolls of revelation
 I - 4 scrolls of poison
 M - 5 scrolls of enchant weapon
 Q - 3 scrolls of blinking
 T - 4 scrolls of fog
 Y - 2 scrolls of butterflies
 Z - 3 scrolls of enchant armour
Potions
 h - 3 potions of might
 k - 21 potions of heal wounds
 l - 22 potions of curing
 p - 2 potions of berserk rage
 q - 5 potions of mutation
 r - 7 potions of haste
 s - 5 potions of magic
 t - 2 potions of cancellation
 x - 6 potions of ambrosia
 A - 4 potions of enlightenment
 B - 5 potions of invisibility
 E - 6 potions of lignification
 K - 2 potions of resistance
Miscellaneous
 D - a lightning rod (4/4)


   Skills:
 - Level 10.0 Fighting
 - Level 14.0 Short Blades
 - Level 14.0 Ranged Weapons
 - Level 2.0 Armour
 + Level 21.8 Dodging
 + Level 12.2 Stealth
 - Level 5.0 Spellcasting
 - Level 7.0 Hexes
 + Level 6.4 Translocations
 - Level 20.0 Invocations
 - Level 7.0 Evocations


You had 25 spell levels left.
You knew the following spells:

 Your Spells              Type           Power      Damage    Failure   Level
a - Dimensional Bullseye  Hex/Tloc       8%         N/A       17%         4

Your spell library contained the following spells:

 Spells                   Type           Power      Damage    Failure   Level
 Lesser Beckoning         Tloc           32%        N/A       3%          2
 Sigil of Binding         Hex            18%        N/A       4%          3
 Tukima's Dance           Hex            18%        N/A       4%          3
 Maxwell's Portable Pile  Tloc           16%        2d(6-18)  6%          3
 Teleport Other           Tloc           16%        N/A       6%          3
 Cause Fear               Hex            9%         N/A       16%         4
 Dazzling Flash           Conj/Hex       20%        N/A       19%         3
 Inner Flame              Hex/Fire       10%        N/A       19%         3
 Volatile Blastmotes      Fire/Tloc      18%        2d11      22%         3
 Mercury Vapours          Alch/Air       4%         N/A       38%         2
 Sublimation of Blood     Necr           2%         N/A       38%         2
 Anguish                  Hex/Necr       5%         N/A       54%         4
 Iskenderun's Mystic Bla Conj/Tloc 9%             2d4        (+2d1     58%         4
 Call Canine Familiar     Summ           2%         N/A       63%         3
 Mephitic Cloud           Conj/Alch/Air  2%         N/A       63%         3
 Summon Mana Viper        Hex/Summ       10%        N/A       87%         5
 Summon Forest            Summ/Tloc      4%         N/A       90%         5
 Animate Armour           Summ/Erth      4%         N/A       95%         4
 Animate Dead             Necr           2%         N/A       95%         4
 Flame Wave               Conj/Fire      2%         2d4       95%         4
 Fulminant Prism          Conj/Alch      1%         3d5       95%         4
 Leda's Liquefaction      Alch/Erth      1%         N/A       95%         4
 Olgreb's Toxic Radiance  Alch           2%         N/A       95%         4
 Petrify                  Alch/Erth      2%         N/A       95%         4
 Sticky Flame             Fire/Alch      2%         2d4       95%         4
 Summon Lightning Spire   Summ/Air       2%         N/A       95%         4
 Borgnjor's Vile Clutch   Necr/Erth      1%         N/A       100%        5
 Fireball                 Conj/Fire      1%         3d3       100%        5
 Freezing Cloud           Conj/Ice/Air   1%         6-21      100%        5
 Irradiate                Conj/Alch      1%         3d12      100%        5
 Lee's Rapid Deconstruct  Erth           1%         3d4*      100%        5
 Death Channel            Necr           1%         N/A       100%        6
 Eringya's Noxious Bog    Alch           1%         4d6       100%        6
 Permafrost Eruption      Ice/Erth       1%         2x4d1     100%        6
 Starburst                Conj/Fire      1%         6d3       100%        6
 Summon Cactus Giant      Summ           1%         N/A       100%        6
 Enfeeble                 Hex            9%         N/A       100%        7
 Haunt                    Necr/Summ      1%         N/A       100%        7
 Ozocubu's Refrigeration  Ice            1%         4d7       100%        7
 Summon Hydra             Summ           1%         N/A       100%        7
 Discord                  Hex            9%         N/A       100%        8
 Infestation              Necr           1%         N/A       100%        8
 Maxwell's Capacitive Co  Air            1%         ∞         100%        8
 Dragon's Call            Summ           1%         N/A       100%        9


Dungeon Overview and Level Annotations

Branches:
Dungeon (15/15) Zot: 24540  Temple (1/1) D:4 Zot: 5987    Lair (5/5) D:10 Zot: 21764
  Swamp (4/4) Lair:3 Zot: 20128   Snake (4/4) Lair:2 Zot: 20100   Slime (0/5) Lair:4
    Orc (2/2) D:10 Zot: 10553     Elf (3/3) Orc:2 Zot: 11374  Vaults (2/5) D:13 Zot: 10686
  Crypt (0/3) Vaults:2     Depths (0/4) D:15          Sewer (visited)
Ossuary (visited)          WizLab (1/1) Zot: 5777   Gauntlet (visited)

Altars:
Ashenzari
Cheibriados
Dithmenos
Fedhas
Gozag
Hepliaklqana
Kikubaaqudgha
Makhleb
Nemelex Xobeh
Okawaru
Qazlal
Ru
Sif Muna
Trog
Uskayaw
Vehumet
Wu Jian
Xom
Yredelemnul
Beogh
Jiyva

Shops:
D:13 =(   D:14 **(   Orc:2 (([?   Elf:1 !   Elf:3 *[[   Snake:1 *=:=
Snake:2 *   Snake:3 !

Annotations:
D:7 exclusion: troll
Lair:3 1 exclusion
Swamp:3 Rudyous's ghost, adept HuIE
Orc:1 2 runed translucent doors, Geivij's ghost, journeyman TeDe
Vaults:1 1 runed translucent door


Innate Abilities, Weirdness & Mutations

You have hoof-like feet.
You are completely covered in slimy green scales. (AC +4, rPois)
You frequently emit foul miasma when damaged in melee.
You regenerate magic rapidly.
Your presence sometimes corrodes those you injure.


Message History

The antique champion is almost destroyed.
You catch the helpless antique champion completely off-guard!
You impale the antique champion!!
You destroy the antique champion!
The antique champion casts a spell at you.
The ghostly flame explodes!
The ghostly fireball engulfs you but does no damage.
You resist.
Aiming: Bolt of Light
Press: ? - help, Shift-Dir - straight line, f - antique champion
Aim: an antique champion, wielding the +9 sword of Zonguldrok {reap}, wearing +0 shadow dragon scales and wearing a +0 kite shield (fast, strong, 67% to hit)
The bolt of light hits the antique champion!
The antique champion is lightly damaged.
You hit the antique champion.
The antique champion is lightly damaged.
The antique champion hits you with the +9 sword of Zonguldrok!!!
You emit a cloud of foul miasma!
Uskayaw will force your foes to share their pain.
Aiming: Line Pass
Press: ? - help, Dir - move target, p - antique champion The antique champion appears confused.
The antique champion hits you with the +9 sword of Zonguldrok!!
* * * LOW HITPOINT WARNING * * *
You catch the helpless antique champion completely off-guard!
You spit the antique champion like a pig!!!
The antique champion is severely damaged.
The antique champion seems less confused.
Aiming: Line Pass
Press: ? - help, Dir - move target The antique champion appears confused.
There is a large open door here.
Things that are here:
a +2 double sword of draining; +1 shadow dragon scales; a +0 kite shield The antique champion barely misses itself.
There is a large open door, spattered with blood here.
Found 2 scrolls of revelation and 59 gold pieces.
The antique champion seems less confused.
The antique champion hits you with the +9 sword of Zonguldrok!!!
You die...
Your body falls in perfect tune with the rhythm.

#....#....#...#....#...♣#
#♣...#..###...###..#....#
#....#..'.......'..#...♣#
♣♣...## #..ß.ß..####..)♣#
#....# #.......# $#....#
#....# ###...###$$#...♣#
#....#$[ #...# ?)$#....#
#♣...###)?##)##?)###....#
#......##[:.'@z?##.....♣#
#....)..#??[#)))#..)....#
#♣......#########.......#
♣................○...♣.♣
#.....................♣#
##...............ß...##
##♣.♣..♣♣...♣......♣#
########♣####♣####


You could see an antique champion (fast, strong).

Vanquished Creatures
  the Lernaean hydra (Swamp:4)
  An antique champion (WizLab)
  Zenata (Elf:2)
  2 liches (WizLab)
  A deep elf blademaster (Elf:3)
  An Executioner (Abyss:2)
  2 deep elf master archers (Elf:3)
  A sphinx (Vaults:1)
  An ancient champion (WizLab)
  A tentacled starspawn (Abyss:2)
  Kirke (D:12)
  The ghost of testman the Warrior, an adept CoBe of Trog (D:14)
  A thorn hunter (Swamp:3)
  8 deep elf sorcerers (Elf:3)
  3 nagarajas (Snake:4)
  5 deep elf elementalists
  2 vault wardens (Vaults:1)
  An orc warlord (Orc:1)
  The ghost of bigdog255 the Peltast, a journeyman MiBe of Trog (Snake:1)
  A ghoul (WizLab)
  A very ugly thing (D:15)
  8 ironbound preservers
  2 ironbound thunderhulks
  The ghost of Obbaitis the Bludgeoner, a journeyman MiBe of Trog (Elf:3)
  3 vampire knights (WizLab)
  4 dire elephants (Vaults:1)
  8 deep elf death magi
  4 deep elf annihilators (Elf:3)
  5 deep elf demonologists (Elf:3)
  An eleionoma (Swamp:1)
  A minotaur (Gauntlet)
  Azrael (D:15)
  2 bunyips
  Snorg (Lair:5)
  An ettin (Orc:2)
  A yaktaur captain (Vaults:2)
  2 deep elf high priests
  Harold (D:11)
  A great orb of eyes (D:15)
  A salamander tyrant (Snake:4)
  2 rakshasas (D:15)
  Erolcha (D:9)
  3 vault guards (Vaults:1)
  17 hydras
  4 alligators
  9 anacondas
  4 ghost crabs
  4 ogre magi
  2 ironbound frosthearts (Vaults:1)
  17 centaur warriors
  4 catoblepae
  9 boulder beetles
  25 dancing weapons
  15 death yaks
  18 two-headed ogres
  11 naga sharpshooters
  A spriggan berserker (Swamp:2)
  19 naga warriors
  A storm dragon zombie (WizLab)
  A thrashing horror (Abyss:2)
  6 shock serpents
  A sun demon (Abyss:2)
  2 orc high priests
  A fire crab (D:12)
  A shock serpent (shapeshifter) (D:15)
  Sonja (D:10)
  8 deep elf knights
  9 skeletal warriors
  2 wretched stars (Abyss:2)
  A flayed ghost (D:14)
  A sea snake (Snake:3)
  12 swamp dragons
  3 salamander mystics (Snake:4)
  3 deep elf archers
  24 deep trolls
  4 skysharks
  2 goliath frogs (Swamp:1)
  6 spriggan druids
  5 mana vipers
  2 bog bodies
  3 phantasmal warriors (WizLab)
  6 naga ritualists
  2 thermic dynamos (Elf:2)
  A golden dragon skeleton (WizLab)
  Pikel (D:7)
  An arcanist (Vaults:2)
  A glowing orange brain (D:13)
  2 lindwurms (Vaults:1)
  6 ironbound convokers
  3 necromancers
  2 orc knights (Orc:1)
  20 deep elf zephyrmancers
  21 deep elf pyromancers
  An obsidian bat (Orc:1)
  5 oklob plants
  2 orc sorcerers
  4 will-o-the-wisps
  26 ugly things
  10 salamanders
  5 cyclopes
  5 manticores
  A worldbinder (Abyss:2)
  Maurice (D:7)
  8 large abominations (Abyss:2)
  4 elephants (Lair:5)
  A kobold blastminer (Orc:2)
  31 black mambas
  2 vault sentinels
  A fire giant skeleton (Vaults:1)
  21 naga magi
  19 cane toads
  5 guardian serpents
  2 gargoyles
  A hellion (Abyss:2)
  An unseen horror (D:13)
  2 orange demons (Abyss:2)
  A rime drake (shapeshifter) (D:14)
  3 rime drakes
  An unseen horror (shapeshifter) (D:12)
  7 yaktaurs
  19 komodo dragons
  4 kobold demonologists
  2 freezing wraiths
  A tengu conjurer (D:14)
  An ancient zyme (Abyss:2)
  A human skeleton (Vaults:1)
  A bloated husk (Swamp:1)
  3 polar bears
  A silent spectre (Abyss:2)
  16 trolls
  6 hornets
  A polar bear (shapeshifter) (D:14)
  A troll (shapeshifter) (D:14)
  8 tyrant leeches
  10 blink frogs
  A wolf spider simulacrum (D:15)
  Prince Ribbit (D:5)
  4 dream sheep (Lair:3)
  12 slime creatures
  8 spriggans
  A shadow (D:10)
  3 water elementals
  An air elemental (Elf:2)
  2 wraiths
  2 ettin skeletons (WizLab)
  2 vampires
  6 hogs (D:12)
  3 small abominations
  A yak (shapeshifter) (D:14)
  55 yaks
  8 wyverns
  Eustachio (D:5)
  8 basilisks
  5 fire elementals
  A golden eye (shapeshifter) (D:13)
  4 starcursed masses (Abyss:2)
  A golden eye (Lair:1)
  3 steam dragons
  2 wargs
  9 vampire mosquitoes
  A neqoxec (Abyss:2)
  36 nagas
  A deep troll zombie (WizLab)
  6 acid dragons
  A spectral cane toad (Lair:3)
  17 swamp worms
  17 water moccasins
  2 glowing shapeshifter zombies (Vaults:1)
  A two-headed ogre skeleton (WizLab)
  5 hell hounds (D:15)
  2 deep troll skeletons (WizLab)
  9 swamp drakes
  A swamp dragon zombie (WizLab)
  4 sky beasts
  2 black bears
  8 laughing skulls
  2 ice beasts
  25 ogres
  23 orc warriors
  3 boggarts (D:15)
  19 wolves
  13 centaurs
  4 lemures (D:7)
  A phantom (D:5)
  A weeping skull (Ossuary)
  6 kobold brigands
  Blork the orc (D:6)
  2 earth elementals (Elf:2)
  6 bullfrogs
  2 brain worms (Abyss:2)
  A two-headed ogre simulacrum (WizLab)
  A burial acolyte (Ossuary)
  3 wights (D:8)
  2 cyclops skeletons (WizLab)
  4 howler monkeys
  15 electric eels
  2 bombardier beetles
  A quasit (Abyss:2)
  5 hounds
  A human zombie (Ossuary)
  11 orc priests
  4 jellies
  15 orc wizards
  15 iguanas
  3 mummies (Ossuary)
  19 adders
  5 river rats
  4 white imps
  An ufetubus (D:4)
  4 dart slugs
  3 ribbon worms
  36 orcs
  16 endoplasms
  3 giant cockroaches
  4 goblins
  4 hobgoblins
  5 jackals
  33 kobolds
  9 quokkas
  13 ball pythons
  5 bats
  17 frilled lizards
  2 kobold zombies (Ossuary)
  5 orc zombies (Ossuary)
  30 rats
  A lurking horror (Abyss:2)
  2 starspawn tentacles (Abyss:2)
1329 creatures vanquished.

Vanquished Creatures (others)
  A deep elf demonologist (Elf:3)
  A naga sharpshooter (Snake:3)
  A tengu conjurer (D:14)
  A sky beast (D:8)
  A boggart (D:15)
  A white imp (Abyss:2)
  20 foxfires
  2 starspawn tentacles (Abyss:2)
28 creatures vanquished.

Grand Total: 1357 creatures vanquished

Notes
Turn   | Place    | Note
-------+----------+-------------------------------------------
     0 | D:1      | holysushi the Demonspawn Monk began the quest for the Orb.
     0 | D:1      | Reached XP level 1. HP: 18/18 MP: 1/1
   171 | D:1      | Gained mutation: You are partially covered in slimy green
                  | scales. (AC +2) [demonic ancestry]
   171 | D:1      | Reached XP level 2. HP: 19/24 MP: 2/2
   517 | D:1      | Reached skill level 1 in Stealth
   715 | D:2      | Reached skill level 3 in Dodging
   715 | D:2      | Gained mutation: You are mostly covered in slimy green
                  | scales. (AC +3) [demonic ancestry]
   715 | D:2      | Reached XP level 3. HP: 28/29 MP: 3/3
   844 | D:2      | Found a faded altar of an unknown god.
  1305 | D:3      | Reached XP level 4. HP: 22/37 MP: 4/4
  2072 | D:3      | Gained mutation: You are completely covered in slimy green
                  | scales. (AC +4, rPois) [demonic ancestry]
  2072 | D:3      | Reached XP level 5. HP: 39/42 MP: 5/5
  2319 | D:4      | Found a staircase to the Ecumenical Temple.
  2330 | Temple   | Entered the Ecumenical Temple
  2522 | D:4      | Found a hide-covered altar of Uskayaw.
  2533 | D:4      | Became a worshipper of Uskayaw the Reveller
  2533 | D:4      | Reached * piety under Uskayaw
  2563 | D:4      | Reached skill level 4 in Dodging
  2620 | D:4      | Reached ** piety under Uskayaw
  2624 | D:4      | Found a glowing drain.
  2654 | Sewer    | Entered a sewer
  2695 | Sewer    | Reached skill level 1 in Invocations
  2695 | Sewer    | Reached XP level 6. HP: 35/48 MP: 3/6
  3081 | Sewer    | Reached *** piety under Uskayaw
  3085 | Sewer    | Reached **** piety under Uskayaw
  3443 | D:4      | Reached XP level 7. HP: 53/54 MP: 7/9
  3452 | D:4      | Reached skill level 5 in Short Blades
  3689 | D:5      | Entered Level 5 of the Dungeon
  4135 | D:5      | Identified a scroll of acquirement
  4135 | D:5      | Acquired a manual of Ranged Weapons
  4231 | D:5      | Noticed Prince Ribbit
  4260 | D:5      | Killed Prince Ribbit
  4261 | D:5      | Reached skill level 1 in Ranged Weapons
  4261 | D:5      | Reached skill level 5 in Dodging
  4261 | D:5      | Reached skill level 1 in Evocations
  4261 | D:5      | Reached XP level 8. HP: 21/60 MP: 3/10
  4762 | D:5      | Noticed Eustachio
  4781 | D:5      | Killed Eustachio
  4825 | D:5      | Found an opulent altar of Gozag.
  5421 | D:6      | Noticed Blork the orc
  5446 | D:6      | Killed Blork the orc
  5676 | D:6      | Reached skill level 5 in Invocations
  6160 | D:7      | Noticed Maurice
  6247 | D:7      | Found a sand-covered staircase.
  6252 | Ossuary  | Entered an ossuary
  6335 | Ossuary  | Gained mutation: You have large cloven feet. [demonic
                  | ancestry]
  6335 | Ossuary  | Reached XP level 9. HP: 65/65 MP: 12/12
  6431 | Ossuary  | Reached ***** piety under Uskayaw
  6611 | D:7      | Noticed Pikel
  6724 | D:7      | Killed Maurice
  6725 | D:7      | Reached skill level 6 in Dodging
  6786 | D:7      | Noticed a troll
  6804 | D:7      | Found a shadowy altar of Dithmenos.
  6825 | D:7      | Reached skill level 5 in Ranged Weapons
  7006 | D:7      | Killed Pikel
  7007 | D:7      | Reached skill level 5 in Fighting
  7528 | D:8      | Found a burning altar of Makhleb.
  7536 | D:8      | Found an ornate altar of the Wu Jian Council.
  7537 | D:8      | Found a broken altar of Ashenzari.
  8225 | D:8      | Reached skill level 5 in Stealth
  8225 | D:8      | Reached XP level 10. HP: 75/76 MP: 8/13
  8701 | D:9      | Reached skill level 7 in Dodging
  9076 | D:9      | Reached skill level 8 in Dodging
  9113 | D:9      | Noticed Erolcha
  9124 | D:9      | Killed Erolcha
  9187 | D:9      | Reached skill level 9 in Dodging
  9740 | D:10     | Entered Level 10 of the Dungeon
  9740 | D:10     | Noticed a two-headed ogre
  9788 | D:10     | Found a staircase to the Lair.
 10213 | D:10     | HP: 2/76 [electric eel/bolt of electricity (8)]
 10636 | D:9      | Reached XP level 11. HP: 81/81 MP: 8/15
 10721 | D:10     | Killed a two-headed ogre
 10722 | D:10     | Reached skill level 10 in Dodging
 11023 | D:10     | Noticed a two-headed ogre
 11076 | D:10     | Killed a two-headed ogre
 11205 | D:10     | Noticed a two-headed ogre
 11216 | D:10     | Noticed Sonja
 11218 | D:10     | Killed a two-headed ogre
 11248 | D:10     | Reached skill level 11 in Dodging
 11260 | D:10     | Reached ****** piety under Uskayaw
 11275 | D:10     | Killed Sonja
 11546 | D:10     | Found a staircase to the Orcish Mines.
 12014 | D:11     | Noticed a boulder beetle
 12037 | D:11     | Killed a boulder beetle
 12161 | D:11     | Reached skill level 12 in Dodging
 12542 | D:11     | Noticed Harold
 12595 | D:11     | Killed Harold
 12717 | D:11     | You fall into a shaft and drop 3 floors!
 12766 | D:14     | Noticed a centaur warrior
 12795 | D:14     | Noticed a centaur warrior
 12804 | D:14     | Killed a centaur warrior
 12805 | D:14     | Found Olajuim's Antique Weapon Shop.
 12809 | D:14     | Noticed a white ugly thing
 12811 | D:14     | Bought a transparent arbalest for 266 gold pieces
 12811 | D:14     | Identified the +1 arbalest "Otibaut" {flame, Fly rF- Int+2}
                  | (You bought it in a shop on level 14 of the Dungeon)
 12814 | D:13     | Found Jisk's Jewellery Shoppe.
 12825 | D:13     | Bought a +6 ring of dexterity for 360 gold pieces
 12901 | D:12     | Gained mutation: You have hoof-like feet. [demonic
                  | ancestry]
 12901 | D:12     | Reached XP level 12. HP: 88/88 MP: 18/18
 13078 | Lair:1   | Entered Level 1 of the Lair of Beasts
 13098 | Lair:1   | Reached skill level 13 in Dodging
 14463 | Lair:1   | Identified the +11 mace "Qudiblac" {heavy, rPois rN+}
 14834 | Lair:1   | Reached skill level 14 in Dodging
 15669 | Lair:2   | Identified the +6 chain mail of the Echidna {rN+}
 15970 | Lair:2   | Reached XP level 13. HP: 53/93 MP: 9/19
 16328 | D:13     | Bought a +6 ring of dexterity for 360 gold pieces
 16471 | Lair:2   | Found a staircase to the Snake Pit.
 17011 | Lair:3   | Found a gate leading to a gauntlet.
 17026 | Gauntlet | Entered a Gauntlet
 17026 | Gauntlet | Found a transporter.
 17026 | Gauntlet | Found a transporter.
 17061 | Gauntlet | Found a transporter.
 17079 | Gauntlet | Found a transporter.
 17079 | Gauntlet | Found a transporter.
 17079 | Gauntlet | Found a transporter.
 17081 | Gauntlet | Found a transporter.
 17081 | Gauntlet | Found a transporter.
 17093 | Gauntlet | Found a transporter.
 17106 | Gauntlet | Found a transporter.
 17119 | Gauntlet | Found a transporter.
 17136 | Gauntlet | Found a transporter.
 17153 | Gauntlet | Found a transporter.
 17165 | Gauntlet | Found a transporter.
 17458 | Gauntlet | Identified the +2 cloak "Ifazxon" {rC+ rN++ Slay+3}
 17462 | Gauntlet | Identified the +5 quarterstaff of the Keeping Badger
                  | {heavy, MP+9 Str-3 Int+9 SInv}
 17520 | Gauntlet | Noticed a minotaur
 17641 | Gauntlet | Killed a minotaur
 18157 | Lair:3   | Reached skill level 10 in Short Blades
 18235 | Lair:3   | Reached skill level 15 in Dodging
 18628 | Lair:3   | Found a staircase to the Swamp.
 18982 | Lair:4   | Reached skill level 10 in Ranged Weapons
 19312 | Lair:4   | Found a viscous altar of Jiyva.
 19312 | Lair:4   | Found a staircase to the Slime Pits.
 20118 | Lair:5   | Entered Level 5 of the Lair of Beasts
 20189 | Lair:5   | Gained mutation: You regenerate magic rapidly. [demonic
                  | ancestry]
 20189 | Lair:5   | Reached XP level 14. HP: 85/100 MP: 20/20
 20322 | Lair:5   | Reached skill level 16 in Dodging
 20577 | Lair:5   | Noticed Snorg
 20586 | Lair:5   | Killed Snorg
 20679 | Lair:5   | Reached skill level 10 in Invocations
 22144 | D:12     | Noticed Kirke
 22166 | D:12     | Killed Kirke
 22244 | D:12     | Found a transporter.
 22269 | D:12     | Found a transporter.
 22430 | D:12     | Reached skill level 17 in Dodging
 23129 | D:13     | Gained mutation: You may rarely emit foul miasma when
                  | damaged in melee. [demonic ancestry]
 23129 | D:13     | Reached XP level 15. HP: 108/113 MP: 16/23
 23189 | D:13     | Found Maunil's Weapon Shop.
 23327 | D:13     | Found a gate to the Vaults.
 24244 | D:14     | Found a runed translucent gate.
 24245 | D:14     | Found a runed translucent gate.
 24246 | D:14     | Found a runed translucent gate.
 24247 | D:14     | Found an opulent altar of Gozag.
 24248 | D:14     | Found Qimefrad's Assorted Antiques.
 24248 | D:14     | Noticed testman's ghost (adept CoBe)
 24250 | D:14     | Found Rilacw's Assorted Antiques.
 24287 | D:14     | Reached skill level 18 in Dodging
 24889 | D:14     | Killed testman's ghost
 24957 | D:14     | Bought a scroll of blinking for 202 gold pieces
 24957 | D:14     | Bought a scroll of teleportation for 81 gold pieces
 25005 | D:15     | Entered Level 15 of the Dungeon
 25079 | D:15     | Paralysed by something for 3 turns
 25416 | D:15     | Identified the +7 long sword of the Pyrrhic Victory {pain,
                  | Will+ rCorr Dex+2 SInv}
 25440 | D:15     | Reached skill level 19 in Dodging
 26217 | D:15     | Noticed Azrael
 26233 | D:15     | Killed Azrael
 26545 | D:15     | Found a staircase to the Depths.
 26792 | Orc:1    | Entered Level 1 of the Orcish Mines
 26910 | Orc:1    | Found a large runed translucent door.
 26910 | Orc:1    | Found a large runed translucent door.
 26915 | Orc:1    | Noticed Geivij's ghost (journeyman TeDe)
 27096 | Orc:2    | Entered Level 2 of the Orcish Mines
 27113 | Orc:2    | Gained mutation: You sometimes emit foul miasma when
                  | damaged in melee. [demonic ancestry]
 27113 | Orc:2    | Reached XP level 16. HP: 120/120 MP: 24/24
 27147 | Orc:2    | Reached skill level 1 in Armour
 27304 | Orc:2    | Found a staircase to the Elven Halls.
 27378 | Orc:2    | Found Arhokoh's Antique Weapon Shoppe.
 27379 | Orc:2    | Found Zovuos's Magic Scroll Emporium.
 27402 | Orc:2    | Found Ceocinkurea's Antique Weapon Boutique.
 27404 | Orc:2    | Bought an encrusted short sword for 272 gold pieces
 27404 | Orc:2    | Identified the +0 short sword of Prescription {flame, rF-
                  | rC+ Will+} (You bought it in a shop on level 2 of the
                  | Orcish Mines)
 27406 | Orc:2    | Bought a glowing rapier for 238 gold pieces
 27419 | Orc:2    | Found Iqygg's Antique Armour Shoppe.
 27423 | Orc:2    | Bought a pitted rapier for 261 gold pieces
 27423 | Orc:2    | Identified the +6 rapier of Ru, Lusting {protect, rC+ rN+
                  | rCorr} (You bought it in a shop on level 2 of the Orcish
                  | Mines)
 27430 | Orc:2    | Bought a pair of embroidered gloves for 270 gold pieces
 27496 | Orc:2    | Found a roughly hewn altar of Beogh.
 27982 | Orc:1    | Found a roughly hewn altar of Beogh.
 28267 | Snake:1  | Entered Level 1 of the Snake Pit
 28287 | Snake:1  | Found a runed translucent door.
 28287 | Snake:1  | Noticed bigdog255's ghost (journeyman MiBe)
 28722 | Snake:1  | Found Tytafonan's Overcharged Wands.
 29195 | Snake:1  | Found Puvur's Jewellery Shoppe.
 29195 | Snake:1  | Found Joutwypn's Book Shop.
 29196 | Snake:1  | Found Aferuext's Jewellery Shoppe.
 29203 | Snake:1  | Bought a book of the Hunter for 338 gold pieces
 29221 | Snake:1  | Learned a level 4 spell: Dimensional Bullseye
 29359 | Snake:1  | Killed bigdog255's ghost
 29460 | Snake:2  | Reached skill level 10 in Fighting
 29512 | Snake:2  | Reached skill level 1 in Hexes
 29719 | Snake:2  | Reached skill level 20 in Dodging
 29873 | Snake:2  | Found Ziussar's Assorted Antiques.
 29887 | Snake:2  | Bought a scroll of teleportation for 96 gold pieces
 29887 | Snake:2  | Bought a scroll of teleportation for 96 gold pieces
 30087 | Snake:3  | Gained mutation: You frequently emit foul miasma when
                  | damaged in melee. [demonic ancestry]
 30087 | Snake:3  | Reached XP level 17. HP: 128/128 MP: 27/27
 30232 | Snake:3  | Found Aqiskoal's Distillery.
 30246 | Snake:3  | Bought a potion of heal wounds for 95 gold pieces
 30246 | Snake:3  | Bought a potion of invisibility for 152 gold pieces
 30246 | Snake:3  | Bought a potion of heal wounds for 95 gold pieces
 30663 | Snake:4  | Entered Level 4 of the Snake Pit
 31763 | Snake:4  | Reached skill level 15 in Invocations
 32008 | Snake:4  | Got a serpentine rune of Zot
 32596 | Swamp:1  | Entered Level 1 of the Swamp
 34013 | Swamp:2  | Reached skill level 10 in Stealth
 34432 | Swamp:3  | Found a runed translucent door.
 34809 | Swamp:3  | Gained mutation: Your presence sometimes corrodes those you
                  | injure. [demonic ancestry]
 34809 | Swamp:3  | Reached XP level 18. HP: 134/134 MP: 30/30
 35090 | Swamp:3  | Noticed Rudyous's ghost (adept HuIE)
 35091 | Swamp:3  | Identified the +9 trident of Qownuof {heavy, rC+ Will++
                  | SInv}
 35306 | Swamp:4  | Entered Level 4 of the Swamp
 35509 | Swamp:4  | Noticed the 27-headed Lernaean hydra
 35518 | Swamp:4  | Killed the 27-headed Lernaean hydra
 35593 | Swamp:4  | Got a decaying rune of Zot
 36494 | Elf:1    | Entered Level 1 of the Elven Halls
 36561 | Elf:1    | Reached skill level 21 in Dodging
 36584 | Elf:1    | Found Kekk's Distillery.
 36592 | Elf:1    | Bought 2 potions of heal wounds for 160 gold pieces
 36592 | Elf:1    | Bought a potion of invisibility for 128 gold pieces
 36592 | Elf:1    | Bought a potion of heal wounds for 80 gold pieces
 37506 | Elf:1    | Reached skill level 1 in Translocations
 37693 | Elf:2    | Paralysed by an air elemental for 1 turns
 37841 | Elf:1    | Found a radiant altar of Vehumet.
 38130 | Elf:2    | Identified the amulet of Hevitt {+Blink rN+ Regen+ Dex+2}
 38486 | Elf:2    | Identified the +7 trident "Deloob" {heavy, rN+ Will+ Int+4}
 38677 | Elf:2    | Found a runed translucent gate.
 38678 | Elf:2    | Found a runed translucent gate.
 38678 | Elf:2    | Found a runed translucent gate.
 38847 | Elf:2    | Reached skill level 5 in Evocations
 38892 | Elf:2    | Noticed Zenata
 38893 | Elf:2    | Killed Zenata
 39280 | Elf:3    | Entered Level 3 of the Elven Halls
 39415 | Elf:3    | Found Nyolema's Armour Shop.
 39460 | Elf:3    | Found Edutuiwe's Antique Armour Shop.
 39467 | Elf:3    | Bought a scorched scale mail for 288 gold pieces
 39467 | Elf:3    | Identified the +1 scale mail of Twilight {-Tele Regen+
                  | rCorr Str+2} (You bought it in a shop on level 3 of the
                  | Elven Halls)
 39467 | Elf:3    | Bought a translucent scale mail for 288 gold pieces
 39467 | Elf:3    | Identified the +0 scale mail of Articulation {Harm rPois
                  | Str+3} (You bought it in a shop on level 3 of the Elven
                  | Halls)
 39467 | Elf:3    | Found Lur Kaf's Assorted Antiques.
 39709 | Elf:3    | Found a runed translucent door.
 39709 | Elf:3    | Noticed Obbaitis's ghost (journeyman MiBe)
 39742 | Elf:3    | Reached XP level 19. HP: 116/140 MP: 32/32
 40650 | Abyss:2  | Cast into level 2 of the Abyss (a deep elf demonologist)
 40760 | Abyss:2  | Found a corrupted altar of Lugonu.
 40899 | Abyss:2  | Reached skill level 1 in Spellcasting
 41022 | Elf:3    | Escaped the Abyss
 41027 | Elf:3    | Noticed a Brimstone Fiend
 41735 | Elf:3    | Identified the ring "Sicras" {rN++ MP+9 Str-4 Int+3 SInv}
 42810 | Elf:3    | Identified the +7 quarterstaff of the End of Times {flame,
                  | rPois rC- Str+7 Dex-5}
 42996 | Elf:3    | Identified the +7 war axe of Optimality {antimagic, rCorr
                  | Dex+2}
 43036 | Elf:3    | Reached skill level 5 in Hexes
 43044 | Elf:3    | Identified the ring of Vohiucryav {Fly Dex+4}
 43105 | Elf:3    | Identified the +1 spear of Guopramy {flame, rElec rC- Will-
                  | rCorr}
 43106 | Elf:3    | Identified the +1 whip of Bemug {flame, Int+6}
 43514 | Elf:3    | Killed Obbaitis's ghost
 44304 | Vaults:1 | Entered Level 1 of the Vaults
 44935 | Vaults:1 | Found a runed translucent door.
 45048 | Vaults:1 | Reached skill level 5 in Translocations
 45376 | Vaults:1 | Reached XP level 20. HP: 147/147 MP: 34/34
 45421 | Vaults:1 | You fall into a shaft and drop 1 floor!
 45534 | Vaults:2 | Found a staircase to the Crypt.
 45690 | Vaults:2 | Found a magical portal.
 45774 | WizLab   | Entered Zonguldrok's Shrine
 46071 | WizLab   | Reached skill level 5 in Spellcasting
 46117 | WizLab   | Noticed an antique champion
 46117 | WizLab   | Noticed an antique champion
 46153 | WizLab   | Killed an antique champion
 46163 | WizLab   | Mangled by an antique champion

Illustrated notes

Levels and vault maps discovered:
D:1:      amcnicky_arrival_feature_with_door, layout_basic,
          chequers_serial_rivers_micro_a
D:2:      layout_rooms, dreamdust_ecumenical_altar_grove
D:3:      minmay_chambers_of_threes, layout_loops_corners,
          hangedman_decor_peaks_small, minmay_misc_feat_diagonals,
          kennysheep_potato
D:4:      minmay_spotlight, layout_cave_pools,
          nicolae_uskayaw_murder_on_the_dancefloor, temple_pool_b,
          gup_sewer_entry_spiral
D:5:      layout_basic, mainiacjoe_overflow_alcove_4, uniq_eustachio,
          uniq_prince_ribbit1
D:6:      layout_gridville, uniq_blork_the_orc
D:7:      layout_rooms, grunt_dithmenos_smoke_and_mirrors,
          nicolae_ossuary_entry_ruins, serial_aquarium,
          aquarium_bridge_long_joined [aquarium_subvault_bridge,
          aquarium_subvault_bridge, aquarium_subvault_wall,
          aquarium_subvault_balcony, aquarium_subvault_wall,
          aquarium_subvault_bridge], aquarium_window_2, aquarium_window_1,
          aquarium_window_1, aquarium_view_2g, aquarium_pool_2, uniq_pikel,
          uniq_maurice
D:8:      layout_rooms, minitemple, hangedman_misty_isle
D:9:      layout_cave_pods, uniq_erolcha
D:10:     layout_roguey, mainiacjoe_overflow_tiny_flanked, erik_lair_island,
          orc_0_dummy, uniq_sonja
D:11:     layout_irregular_city, uniq_harold
D:12:     gammafunk_the_bubble [the_bubble_gammafunk_split], layout_grid_maze,
          uniq_kirke
D:13:     layout_roguey, hellmonk_vaults_order_and_chaos, serial_shops, shop,
          shop, kennysheep_another_room, minmay_misc_feat_tiny,
          water_maze_lemuel
D:14:     layout_basic, serial_shops, nicolae_stop_n_shop_1,
          kennysheep_flooded_box, ebering_ghost_gozag
D:15:     gammafunk_enter_depths_forms, layout_cave_pools, minivault_24,
          uniq_azrael
Temple:   hellmonk_temple_two_chambers
Lair:1:   lemuel_reptile_caves, layout_small_grid, disabler_island,
          grunt_megastairs_2
Lair:2:   layout_regular_city, minmay_snake_entry_guardpost_medium
Lair:3:   layout_hall_layers, nicolae_swamp_entry_spooky,
          gauntlet_entry_generic, beast_lair_carwin_1, grunt_megastairs_3,
          serial_bayou_shore_a, serial_bayou_shore_b, lemuel_fruit_fields
Lair:4:   layout_long_grid, slime_entry_1, fungi_pond_lemuel,
          pdpol_lair_cavern_descent, grunt_megastairs_4, lemuel_fruit_tree,
          infiniplex_staircase_pool
Lair:5:   evilmike_catoblepas_cave, layout_regular_city, uniq_snorg
Swamp:1:  layout_falls_marsh, evilmike_swamp_ruin_rubble_2,
          hangedman_swamp_wriggling
Swamp:2:  layout_falls_marsh, evilmike_swamp_ruin_house_5,
          infiniplex_staircase_pool_2
Swamp:3:  layout_falls_marsh, ebering_ghost_funeral_grove, serial_swamp_ruin,
          evilmike_swamp_ruin_house_1, evilmike_swamp_ruin_house_2,
          swamp_pool_3, nicolae_swamp_small_spring, nicolae_swamp_snake_nest
Swamp:4:  swamp_old_school, layout_basic_swamp, swamp_pool_4,
          nicolae_swamp_trees_clearing
Snake:1:  layout_gridlike, hellmonk_ghost_happy_afterlife,
          nicolae_shop_overcharged_wands, serial_bayou_shore_b,
          minmay_shop_grove
Snake:2:  layout_rooms, serial_shops, shop
Snake:3:  layout_basic, minmay_shop_star
Snake:4:  snake_pit, layout_cave_town, nicolae_triple_integral
Orc:1:    orc_temple, layout_caves, ebering_ghost_disaster_area
Orc:2:    st_orc_open, layout_diamond_mine, basic_altar, blackcustard_rock_pile
Elf:1:    eino_elf_arrival_sip, layout_loops_corners, serial_shops, shop,
          kennysheep_underground_church, minmay_misc_feat_columns,
          lemuel_upstairs_altar
Elf:2:    nicolae_elf_blades_crystal_corner, layout_loops_corners,
          nicolae_elf_m_pinch, minivault_20, uniq_zenata
Elf:3:    minmay_elf_hall_spiked, layout_geoelf_diagonals,
          hellmonk_ghost_big_iron, serial_shops, nicolae_shop_window_shopping,
          dreamdust_wishing_well, minmay_shoptagon
Vaults:1: hangedman_vaults_stretched_pinwheel, nicolae_vaults_oozy_zoo,
          vaults_room_stairs_pillars, nicolae_vaults_asterisk, v_misc_30,
          v_misc_29, ontoclasm_vaults_misaligned, hangedman_vaults_cutoff,
          vaults_room_pool, nicolae_vaults_trapezoid_lopsided_3,
          layout_vaults_quadrants
Vaults:2: mu_enter_wizlab_1, minmay_crypt_entry_simple_round,
          vaults_standard_mumra_x, nicolae_vaults_inception_scallops,
          nicolae_vaults_sealed_display, vaults_room_hallway,
          ontoclasm_vaults_chip, nicolae_vaults_more_shelving_1,
          vaults_room_hallway, layout_vaults_maze_snakey
WizLab:   wizlab_zonguldrok

Skill      XL: |  1  2  3  4  5  6  7  8  9 10 11 12 13 14 15 16 17 18 19 20 |
---------------+-------------------------------------------------------------+-----
Stealth        | 1 2 3 4 5 7 8 10 11 12 | 12.2
Short Blades   | 3 4 6 7 9 10 11 13 14 | 14.0
Dodging        | 3 4 5 6 9 12 14 15 17 19 20 21 | 21.8
Fighting       | 4 5 6 9 10 | 10.0
Invocations    | 1 2 3 5 6 8 9 11 13 16 18 20 | 20.0
Ranged Weapons | 1 4 6 7 8 11 12 13 14 | 14.0
Evocations     | 1 2 3 4 5 7 |  7.0
Armour         | 2 |  2.0
Hexes          | 2 4 5 7 |  7.0
Translocations | 3 5 6 |  6.4
Spellcasting   | 3 5 |  5.0

Action                     |  1- 3 |  4- 6 |  7- 9 | 10-12 | 13-15 | 16-18 | 19-21 || total
---------------------------+-------+-------+-------+-------+-------+-------+-------++-------
  Melee: Short sword       |   121 |   362 |   287 |   488 |   257 |       |       ||  1515
         Kick              |       |       |    31 |   210 |    58 |       |       ||   299
         Rapier            |       |       |       |       |       |   132 |   532 ||   664
   Fire: Shortbow          |       |       |   121 |   508 |    18 |       |       ||   647
         Orcbow            |       |       |       |       |  1029 |  1781 |   612 ||  3422
 Invoke: Stomp             |       |     7 |    11 |    33 |    32 |    20 |     1 ||   104
         Line Pass         |       |       |     6 |    15 |     3 |     5 |     4 ||    33
         Grand Finale      |       |       |       |       |     4 |     4 |     4 ||    12
  Evoke: Wand              |       |       |    11 |     8 |     2 |       |     1 ||    22
         Lightning rod     |       |       |       |     4 |     3 |     2 |       ||     9
    Use: Potion            |       |     3 |       |     3 |     5 |       |       ||    11
         Scroll            |       |     9 |     6 |     2 |    15 |    10 |     3 ||    45
   Stab: Sleeping          |       |     1 |     5 |     5 |       |     4 |     5 ||    20
         Paralysed         |       |     1 |       |    25 |    19 |    10 |    41 ||    96
         Confused          |       |       |     1 |     6 |     1 |     3 |     5 ||    16
         Invisible         |       |       |       |     2 |       |       |       ||     2
         Distracted        |       |       |       |     3 |       |       |       ||     3
 Armour: Robe              |    48 |   241 |    69 |       |       |       |       ||   358
         Steam dragon scal |       |       |    63 |   210 |    77 |       |       ||   350
         Acid dragon scale |       |       |       |    62 |       |       |       ||    62
         Troll leather arm |       |       |       |       |   189 |   385 |   179 ||   753
  Dodge: Dodged            |    82 |   281 |   156 |   519 |   786 |   988 |   652 ||  3464

Table legend: (Time is in decaauts)
 A = Elapsed time spent in this place.
 B = Non-inter-level travel time spent in this place.
 C = Inter-level travel time spent in this place.
 D = Time resting spent in this place.
 E = Time spent auto-exploring this place.
 F = Levels seen in this place.
 G = Mean time per level.
                   A        B        C        D        E       F      G
               +--------+--------+--------+--------+--------+-----+--------+
         Total |  45222 |  42371 |   2851 |  10037 |  19233 |  41 | 1103.0 |
       Dungeon |  17773 |  16264 |   1509 |   3911 |   7728 |  15 | 1184.9 |
        Temple |     12 |     11 |      1 |      0 |      0 |   1 |   12.0 |
          Lair |   8235 |   7720 |    515 |   2278 |   2865 |   5 | 1647.0 |
         Swamp |   3871 |   3710 |    161 |    728 |   2228 |   4 |  967.8 |
     Snake Pit |   3899 |   3784 |    115 |    404 |   2172 |   4 |  974.8 |
  Orcish Mines |   1446 |   1213 |    233 |      0 |    845 |   2 |  723.0 |
   Elven Halls |   6624 |   6337 |    287 |   2388 |   2304 |   3 | 2208.0 |
        Vaults |   1313 |   1286 |     27 |      0 |    861 |   2 |  656.5 |
         Abyss |    324 |    324 |      0 |      0 |      0 |   1 |  324.0 |
         Sewer |    547 |    547 |      0 |    143 |     47 |   1 |  547.0 |
       Ossuary |    288 |    288 |      0 |     33 |     34 |   1 |  288.0 |
        Wizlab |    221 |    221 |      0 |      0 |      0 |   1 |  221.0 |
      Gauntlet |    662 |    662 |      0 |    150 |    147 |   1 |  662.0 |
               +--------+--------+--------+--------+--------+-----+--------+

Top non-repeatable levels by time:
   Elf:3: 3853 daAuts
  Lair:1: 2570 daAuts
    D:10: 1837 daAuts
     D:9: 1715 daAuts
  Lair:3: 1606 daAuts
  Lair:5: 1571 daAuts
   Elf:2: 1534 daAuts
    D:15: 1492 daAuts
     D:8: 1426 daAuts
    D:13: 1395 daAuts
  Lair:4: 1356 daAuts
 Snake:4: 1265 daAuts
     D:5: 1263 daAuts
    D:14: 1247 daAuts
   Elf:1: 1236 daAuts
